 Dungeon Crawl Stone Soup version 0.31-a0-1540-g5a0b83f448 (webtiles) character file.

Game seed: 14020194103860191492

614 MisterAzrael the Ducker (level 7, -19/47 HPs)
             Began as an Octopode Shapeshifter on Jan 2, 2024.
             Demolished by an ogre
             ... wielding a +0 giant club
              (29 damage)
             ... on level 5 of the Dungeon.
             The game lasted 00:04:15 (3681 turns).

MisterAzrael the Ducker (Octopode Shapeshifter)     Turns: 3681, Time: 00:04:16

Health: -19/47     AC:  1    Str: 16    XL:     7   Next: 44%
Magic:  7/7        EV: 14    Int: 12    God:
Gold:   203        SH:  0    Dex: 11    Spells: 6/6 levels left

rFire   . .          .
                       - Unarmed
rCold   . . .        (no shield)
rNeg    . . .        (helmet currently unavailable)
rPois   .            (no amulet)
rElec   .            (no ring)
rCorr   .            (no ring)
SInv    .            (no ring)
Will    .....        (no ring)
Stlth   ++           (no ring)
HPRegen 0.27/turn    (no ring)
MPRegen 0.10/turn    (no ring)
                     (no ring)

%: no passive effects
@: beast-form
A: beast (slay +2), almost no armour, amphibious, 8 rings, camouflage 1,
gelatinous body 1, (nimble swimmer 1), tentacles
a: Begin Untransformation


You were on level 5 of the Dungeon.
You were a hulking beast.
You visited 1 branch of the dungeon, and saw 5 of its levels.

You collected 203 gold pieces.

Inventory:

Talismans
 b - a beast talisman
 c - a flux talisman
Scrolls
 a - a scroll of fear {unknown}
 i - 4 scrolls of identify
 k - a scroll of enchant weapon {unknown}
 l - a scroll of immolation {unknown}
 m - 2 scrolls of revelation
 n - a scroll of poison {unknown}
 p - a scroll of enchant armour
 q - a scroll of fog
 r - a scroll of brand weapon {unknown}
Potions
 d - a potion of curing {unknown}
 e - a potion of enlightenment {unknown}
 g - 3 potions of brilliance
 h - 2 potions of resistance {unknown}
 j - 2 potions of cancellation {unknown}
 o - a potion of might {unknown}


   Skills:
 + Level 3.7 Fighting
 * Level 4.7 Dodging
 + Level 4.7 Unarmed Combat
 + Level 4.5 Shapeshifting


You had 6 spell levels left.
You didn't know any spells.
Your spell library contained the following spells:

 Spells                   Type           Power      Damage    Failure   Level
 Apportation              Tloc           0%         N/A       32%         1
 Jinxbite                 Hex            0%         N/A       45%         2
 Alistair's Intoxication  Alch           0%         N/A       100%        5


Dungeon Overview and Level Annotations

Branches:
Dungeon (5/15)             Temple (0/1) D:4

Altars:
Elyvilon
Kikubaaqudgha
Vehumet
Yredelemnul
Zin
The Shining One

Shops:
D:1 :   D:3 [

Annotations:
D:4 Natasha
D:5 2 transporters, Menkaure


Innate Abilities, Weirdness & Mutations

You are a hulking beast.
Your limbs bulge with bestial killing power. (Slay +2)
You cannot wear most types of armour.
You are amphibious.
You can wear up to eight rings at the same time.
Your skin changes colour to match your surroundings (Stealth+).
Your rubbery body absorbs attacks. (AC +1, EV +1)
((You are camouflaged when in or above water. (Stealth+)))
You have tentacles for arms and can constrict up to eight enemies at once.


Message History

Menkaure shouts, "Why can't you leave me to my rest?"
Menkaure shouts, "You disturbed my rest!
Die!"
HP restored.
h - 2 purple potions (gained 1)
The shadow imp grinds its teeth.
The shadow imp shouts, "Go and return not, thou loggerheaded spleeny mish-mash!"
g - 3 potions of brilliance (gained 1)
There is a transporter here.
You now have 203 gold pieces (gained 8).
Items here: )) [ ††.
Items here: )) [ †.
The shadow imp lashes its tail.
The shadow imp shouts, "Turn tail, thou rank pigeon-egg zombie-fodder!"
Found an ancient bone altar of Kikubaaqudgha.
Found a basalt altar of Yredelemnul.
Found a robe.
Found a stone staircase leading down.
An ogre comes into view. It is wielding a +0 giant club.
The ogre shouts!
You hear a bark!
A hound comes into view.
Okay, then.
As you read the scroll labelled ISOLIM RUOMYM, it crumbles to dust.
It is a scroll of identify.
m - 2 scrolls of revelation
As you read the scroll labelled FITEUS DUA, it crumbles to dust.
It is a scroll of enchant armour.
You aren't carrying any armour which can be enchanted further.
The ogre hits you with a +0 giant club!
As you read the scroll labelled ENNAEFO SOMEH, it dissolves into smoke.
It was a scroll of fog.
The hound bites you. The ogre attacks as it pursues you!
The ogre hits you with a +0 giant club!!
* * * LOW HITPOINT WARNING * * *
The hound completely misses you. The hound bites you.
* * * LOW HITPOINT WARNING * * *
The ogre attacks as it pursues you!
The ogre hits you with a +0 giant club!!
Ouch! That really hurt!
You die...

#######
#.....# #
###.###.§§§§#
#
........O§§§#
#### #hh§§§#
#.<.
#§§§§§###
#.##
###§§.§.#
#.## #####.#
#.## #.# #.##
#.# #.## #.#
###.## # #.#
#..... ##.
#.# #.#...


You could see an ogre and a hound.

Vanquished Creatures
  Sigmund (D:2)
  A bullfrog (D:5)
  2 scorpions (D:5)
  A howler monkey (D:4)
  Jessica (D:2)
  An iguana (D:4)
  An orc wizard (D:5)
  Natasha (twice) (D:4)
  2 adders
  6 dart slugs
  A ribbon worm (D:3)
  6 orcs
  7 ball pythons
  5 bats
  11 endoplasms
  3 giant cockroaches
  6 goblins
  10 hobgoblins
  5 kobolds
  3 quokkas
  3 frilled lizards
  2 rats
80 creatures vanquished.

Notes
Turn   | Place    | Note
-------+----------+-------------------------------------------
     0 | D:1      | MisterAzrael the Octopode Shapeshifter began the quest for
                  | the Orb.
     0 | D:1      | Reached XP level 1. HP: 13/13 MP: 1/1
    89 | D:1      | Reached XP level 2. HP: 15/18 MP: 2/2
   384 | D:1      | Found Sihoch's Book Emporium.
   470 | D:1      | Reached XP level 3. HP: 22/23 MP: 3/3
   959 | D:2      | Noticed Jessica
   966 | D:2      | Killed Jessica
   967 | D:2      | Reached XP level 4. HP: 21/29 MP: 4/4
  1023 | D:2      | Noticed Sigmund
  1033 | D:2      | Killed Sigmund
  1034 | D:2      | Reached XP level 5. HP: 36/36 MP: 5/5
  1034 | D:2      | Reached XP level 6. HP: 41/41 MP: 6/6
  1616 | D:3      | Found a radiant altar of Vehumet.
  1803 | D:3      | Found Somucvir's Antique Armour Shoppe.
  1849 | D:3      | Found a faded altar of an unknown god.
  2560 | D:4      | Found a glowing golden altar of the Shining One.
  2560 | D:4      | Found a white marble altar of Elyvilon.
  2562 | D:4      | Found a glowing silver altar of Zin.
  2591 | D:4      | Found a staircase to the Ecumenical Temple.
  2947 | D:4      | Noticed Natasha
  2952 | D:4      | Killed Natasha
  3058 | D:4      | Noticed Natasha
  3064 | D:4      | Killed Natasha
  3232 | D:4      | Noticed Natasha
  3269 | D:5      | Entered Level 5 of the Dungeon
  3287 | D:5      | Reached XP level 7. HP: 40/46 MP: 7/7
  3308 | D:5      | Noticed a wraith
  3317 | D:5      | Found a transporter.
  3331 | D:5      | Noticed Menkaure
  3451 | D:5      | Found a transporter.
  3568 | D:5      | Found an ancient bone altar of Kikubaaqudgha.
  3576 | D:5      | Found a basalt altar of Yredelemnul.
  3681 | D:5      | Demolished by an ogre

Illustrated notes

Levels and vault maps discovered:
D:1:      spicycebolla_green_bress_n_ham_2, layout_basic, serial_shops, shop,
          chequers_jeans, minmay_hexomino_f4
D:2:      layout_rooms, minmay_misc_feat_hallway, serial_bayou_pond_d,
          uniq_sigmund, uniq_jessica
D:3:      layout_basic, mainiacjoe_overflow_alcove_2,
          shapermc_ecumenical_altar_notcrosses, serial_shops, shop
D:4:      layout_loops_ring, dreamdust_divine_triumvirate,
          minmay_temple_entry_from_below_a, uniq_natasha
D:5:      layout_loops_corners, gammafunk_temple_of_torment

Skill      XL: |  1  2  3  4  5  6 |
---------------+-------------------+-----
Fighting       | 2 3 |  3.7
Dodging        | 3 4 |  4.7
Unarmed Combat | 4 |  4.7
Shapeshifting  | 4 |  4.5

Action                     |  1- 3 |  4- 6 |  7- 9 || total
---------------------------+-------+-------+-------++-------
  Melee: Unarmed           |    59 |    80 |    22 ||   161
         Constrict         |    17 |    20 |     8 ||    45
         Tentacles         |    12 |    10 |       ||    22
         Punch             |     2 |     4 |     1 ||     7
    Use: Potion            |       |     1 |     3 ||     4
         Scroll            |       |       |     3 ||     3
   Stab: Sleeping          |     5 |     8 |       ||    13
 Armour: Skin              |    24 |    34 |    28 ||    86
  Dodge: Dodged            |    33 |    29 |    27 ||    89

Table legend: (Time is in decaauts)
 A = Elapsed time spent in this place.
 B = Non-inter-level travel time spent in this place.
 C = Inter-level travel time spent in this place.
 D = Time resting spent in this place.
 E = Time spent auto-exploring this place.
 F = Levels seen in this place.
 G = Mean time per level.
                   A        B        C        D        E       F      G
               +--------+--------+--------+--------+--------+-----+--------+
         Total |   3669 |   3442 |    227 |    151 |   2715 |   5 |  733.8 |
       Dungeon |   3669 |   3442 |    227 |    151 |   2715 |   5 |  733.8 |
               +--------+--------+--------+--------+--------+-----+--------+

Top non-repeatable levels by time:
     D:4: 984 daAuts
     D:3: 899 daAuts
     D:1: 852 daAuts
     D:2: 523 daAuts
     D:5: 409 daAuts
